AoeStats
← 伐伐伐伐伐木工

Baltic

510330195Analyzed
4v4 RM · 19h ago on Sep 30, 2026· 28m 44s· 8 players
Game mode
Random Map
Map size
Large (8 player)
Population
200
Speed
Normal
Resources
Standard
Victory
Conquest
Starting age
Dark Age
Ending age
Imperial Age
RankedLock teamsTeams togetherTeam positionsShared explorationLock speedFull tech treeHidden civsTurbo modeCheats
Victory
Defeat
🇭🇰 Vikings · Hong Kong SAR China
1160
+13
🇬🇧 Wu · United Kingdom
1136
+14
🇭🇰 Franks · Hong Kong SAR China
1089
+16
🇫🇷 Aztecs · France
1031
+18
🇦🇺 Dravidians · Australia
1111
-16
🇪🇸 Varangians · Spain
1086
-15
🇨🇿 Vikings · Czechia
1085
-15
🇭🇰 Khmer · Hong Kong SAR China
1083
-15
不知者
12:23 Feudal Age
15:22 Loom
15:36 Double-Bit Axe
18:31 Castle Age
16:31 Horse Collar
16:48 Gold Mining
26:20 Scale Barding Armor
28:43 Bloodlines
28:34 Husbandry
Note1984
8:31 Loom
10:39 Feudal Age
11:10 Double-Bit Axe
14:30 Fletching
16:35 Horse Collar
17:00 Stone Mining
17:02 Gold Mining
22:23 Castle Age
23:43 Fishing Lines
24:39 Bow Saw
24:28 Bodkin Arrow
25:56 Stone Mining
27:50 Wheelbarrow
DESTINNI
8:53 Loom
11:09 Feudal Age
12:50 Double-Bit Axe
14:15 Gold Mining
14:11 Fishing Lines
19:08 Castle Age
18:25 Fletching
18:52 Horse Collar
19:03 Stone Mining
19:50 Bodkin Arrow
27:57 Ballistics
Keanoob Reeves
2:55 Loom
10:12 Feudal Age
17:34 Castle Age
15:47 Double-Bit Axe
15:49 Horse Collar
19:21 Bow Saw
19:14 Heavy Plow
22:56 Pikeman
27:37 Gold Mining
27:37 Stone Mining
28:47 Wheelbarrow
28:48 Thumb Ring
建興法師
3:28 Loom
11:57 Feudal Age
14:16 Double-Bit Axe
16:33 Castle Age
16:43 Scale Barding Armor
19:28 Gold Mining
21:53 Chain Barding Armor
24:37 Husbandry
29:57 Wheelbarrow
伐伐伐伐伐木工
13:16 Feudal Age
13:49 Double-Bit Axe
14:13 Loom
17:12 Castle Age
16:36 Fishing Lines
17:42 Gold Mining
17:51 Fletching
19:16 Bow Saw
19:15 Bodkin Arrow
25:09 Gillnets
27:02 Ballistics
曠曠曠曠曠曠工
11:48 Feudal Age
12:46 Double-Bit Axe
15:15 Wheelbarrow
16:05 Fletching
19:09 Gold Mining
22:38 Castle Age
20:53 Fishing Lines
21:39 Padded Archer Armor
23:17 Gillnets
23:21 Loom
24:17 Bow Saw
24:40 Leather Archer Armor
24:53 Town Watch
25:25 Medium Warships
27:38 Treadmill Crane
SimbaLeRoiDeLaJungle
11:30 Feudal Age
9:47 Loom
15:53 Castle Age
16:29 Double-Bit Axe
19:06 Man-at-Arms
19:16 Pikeman
23:22 Redemption
23:27 Fervor
24:21 Scale Mail Armor
25:09 Squires
28:10 Sanctity
Connection lost

Rejoining the realm…

Still unreachable

The connection could not be restored.

Session expired

The server has moved on; the page needs a fresh start.